 Dungeon Crawl Stone Soup version 0.22-a0-458-gb446440 (webtiles) character file.

25 Flamexio the Skirmisher (level 3, -3/23 HPs)
             Began as a Gargoyle Berserker on June 8, 2018.
             Was a Follower of Trog.
             Slain by a quokka (4 damage)
             ... on level 2 of the Dungeon.
             The game lasted 00:05:59 (1463 turns).

Flamexio the Skirmisher (Gargoyle Berserker)        Turns: 1463, Time: 00:06:00

Health: -3/23      AC:  6    Str: 20    XL:     3   Next: 6%
Magic:  3/3        EV: 12    Int:  7    God:    Trog [*.....]
Gold:   114        SH:  0    Dex: 10    Spells: 2/2 levels left

rFire    . . .     SeeInvis .   a - +0 mace
rCold    . . .     Gourm    .   (no shield)
rNeg     + . .     Faith    .   b - +0 animal skin
rPois    ∞         Spirit   .   n - +0 helmet
rElec    +         Reflect  .   (no cloak)
rCorr    .         Harm     +   (no gloves)
MR       .....                  (no boots)
Stlth    +.........             m - amulet of harm
HPRegen  0.07/turn              (no ring)
MPRegen  0.08/turn              (no ring)

@: about to teleport
A: negative energy resistance 1, electricity resistance, unbreathing,
petrification resistance, rot immunity, AC +3
a: Berserk, Renounce Religion


You were on level 2 of the Dungeon.
You worshipped Trog.
Trog was aware of your devotion.
You were not hungry.

You visited 1 branch of the dungeon, and saw 2 of its levels.

You collected 114 gold pieces.

Inventory:

Hand Weapons
 a - a +0 mace (weapon)
Missiles
 d - 27 arrows
Armour
 b - a +0 animal skin (worn)
 n - a +0 helmet (worn)
Jewellery
 m - an amulet of harm (around neck)
Scrolls
 e - 2 scrolls of teleportation
 g - 2 scrolls of identify {unknown}
 h - a scroll of enchant armour {unknown}
 i - a scroll of immolation {unknown}
 j - a scroll of blinking
 k - a scroll of remove curse {unknown}
 o - a scroll of enchant weapon {unknown}
Potions
 f - a potion of agility {unknown}
Comestibles
 c - 4 rations
 l - 3 chunks of flesh


   Skills:
 + Level 3.6 Fighting
 + Level 3.6 Maces & Flails
 + Level 2.3 Armour
 + Level 1.7 Dodging
 + Level 0.4 Stealth


You had 2 spell levels left.
You didn't know any spells.
Your spell library was empty.

Dungeon Overview and Level Annotations

Branches:
Dungeon (2/15)

Altars:


Innate Abilities, Weirdness & Mutations

You are resistant to torment.
Your stone body is resilient. (AC +3)
You are immune to poison.
You resist negative energy. (rN+)
You are resistant to electric shocks. (rElec)
You can survive without breathing.
You are immune to petrification.
You are immune to rotting.


Message History

You hit the quokka but do no damage.
The quokka is moderately wounded.
The quokka bites you.
* * * LOW HITPOINT WARNING * * *
You miss the quokka.
The quokka is moderately wounded.
The quokka bites you but does no damage.
The quokka barely misses you.
You miss the quokka.
The quokka is moderately wounded.
The quokka bites you.
* * * LOW HITPOINT WARNING * * *
The quokka bites you.
* * * LOW HITPOINT WARNING * * *
As you read the scroll of teleportation, it crumbles to dust.
You feel strangely unstable. The quokka closely misses you.
You barely miss the quokka.
The quokka is moderately wounded.
The quokka bites you.
You die...

#.#. ####.......# ... ........<..
#.. ........... .. ## ..........
#. .... .........# #. ....
.........# ######. ....
..#....r.#########...... ....
.......@.(..............
....########..?..)#######........
.................... #.#......
........####......### #.#......
#.##....# ####.### #.##...##
..##....#######. #.##...#
................ #.##...#
##......########### #.######
%#..###...........# #.#


You could see a quokka.

Vanquished Creatures
  An adder (D:2)
  A dart slug (D:1)
  A leopard gecko (D:1)
  A ball python (D:1)
  2 goblins (D:2)
  3 hobgoblins (D:1)
  2 kobolds (D:2)
  2 rats
13 creatures vanquished.

Notes
Turn   | Place    | Note
-------+----------+-------------------------------------------
     0 | D:1      | Flamexio the Gargoyle Berserker began the quest for the Orb.
     0 | D:1      | Reached XP level 1. HP: 14/14 MP: 1/1
   438 | D:1      | Reached XP level 2. HP: 19/19 MP: 2/2
  1383 | D:2      | Reached XP level 3. HP: 18/23 MP: 3/3
  1461 | D:2      | HP: 1/23 [quokka (3)]
  1463 | D:2      | Slain by a quokka

Vault maps used:
D:1:      kilobyte_arrival_exit_the_forest, nrook_uturn
D:2:      item_on_display_a

Action                   || total
-------------------------++-------
Melee: Mace              ||    74
  Use: Scroll            ||     3
  Eat: Ration            ||     1
Armor: Animal skin       ||    24
Dodge: Dodged            ||    54

Table legend:
 A = Spawn XP
 B = Non-spawn XP
 C = Spawn XP percentage of total XP
 D = Spawn monster count
 E = Non-spawn monster count
 F = Spawn count percentage of total count
 G = Total turns spent on level
                    A         B        C        D         E        F      G
               +---------+---------+-------+---------+---------+-------+---------
         Total |       0 |      37 |   0.0 |       0 |      13 |   0.0 |  1463
               +---------+---------+-------+---------+---------+-------+---------
           D:1 |       0 |      16 |   0.0 |       0 |       7 |   0.0 |  1106
           D:2 |       0 |      21 |   0.0 |       0 |       6 |   0.0 |   357
               +---------+---------+-------+---------+---------+-------+---------
